 Dungeon Crawl Stone Soup version 0.22.1-1-ga44c0e5 (webtiles) character file.

10512 dvd the Cleaver (level 11, -5/88 HPs)
             Began as a Demonspawn Fighter on Oct 14, 2018.
             Was a High Priest of Jiyva.
             Slain by a komodo dragon (26 damage)
             ... on level 1 of the Lair of Beasts.
             The game lasted 00:34:31 (10789 turns).

dvd the Cleaver (Demonspawn Fighter)               Turns: 10789, Time: 00:34:32

Health: -5/88      AC: 12    Str: 16    XL:     11   Next: 37%
Magic:  9/9        EV: 12    Int:  9    God:    Jiyva [*****.]
Gold:   442        SH: 12    Dex: 15    Spells: 10/10 levels left

rFire    . . .     SeeInvis +   v - -2 spear (curse)
rCold    + . .     Gourm    .   c - +1 shield
rNeg     . . .     Faith    .   z - +3 ring mail {rC+}
rPois    .         Spirit   .   (helmet restricted)
rElec    .         Reflect  .   r - +2 cloak {+Inv}
rCorr    +         Harm     .   (no gloves)
MR       .....                  (boots unavailable)
Stlth    +.........             (no amulet)
HPRegen  0.24/turn              B - -2 ring of dexterity (curse)
MPRegen  0.11/turn              i - ring of see invisible

@: no status effects
A: beak, talons 3, rugged brown scales 2, low mp 1, powered by pain 1, spiny 1,
pseudopods 2, subdued magic 1
a: Request Jelly, Slimify, Cure Bad Mutation, Renounce Religion, Evoke
Invisibility


You were on level 1 of the Lair of Beasts.
You worshipped Jiyva.
Jiyva was extremely pleased with you.
You were not hungry.

You visited 2 branches of the dungeon, and saw 14 of its levels.
You also visited: Bailey.

You collected 442 gold pieces.

Inventory:

Hand Weapons
 a - a +0 war axe
 d - the +7 morningstar of Destiny {speed, *Noise Str+4 Dex+7}
   (You took it off an orc warrior in a bailey)

   Attacks with this weapon are significantly faster.
   It affects your strength (+4).
   It affects your dexterity (+7).
   It may make noises in combat.
 h - a +1 hand axe of freezing
 v - a cursed -2 spear (weapon)
Missiles
 p - 3 javelins (quivered)
 y - 43 tomahawks of returning
Armour
 b - a +4 chain mail
 c - a +1 shield (worn)
 q - a scarf of cloud immunity
 r - a +2 cloak of invisibility (worn)
 s - a +1 leather armour of fire resistance
 z - a +3 ring mail of cold resistance (worn)
 H - a +0 troll leather armour
 I - a +1 scale mail of fire resistance
Jewellery
 i - a ring of see invisible (right hand)
 l - a +3 ring of strength
 B - a cursed -2 ring of dexterity (left hand)
 G - an uncursed ring of ice
Wands
 x - a wand of iceblast (16)
Scrolls
 g - 3 scrolls of identify
 o - 2 scrolls of magic mapping
 u - 2 scrolls of teleportation
Potions
 e - 3 potions of lignification
 j - 2 potions of degeneration {unknown}
 k - 2 potions of berserk rage {unknown}
 n - 2 potions of brilliance {unknown}
 w - a potion of agility {unknown}
 D - 4 potions of flight
 E - 2 potions of curing
Miscellaneous
 F - a lamp of fire
Comestibles
 f - 12 rations
 m - 2 chunks of flesh


   Skills:
 + Level 7.4 Fighting
 + Level 10.3(10.5) Axes
 + Level 3.3(7.4) Polearms
 + Level 6.3 Armour
 + Level 5.4 Dodging
 + Level 2.4 Stealth
 + Level 7.6 Shields


You had 10 spell levels left.
You didn't know any spells.
Your spell library was empty.

Dungeon Overview and Level Annotations

Branches:
Dungeon (13/15)            Temple (0/1) D:4            Lair (1/6) D:9
    Orc (0/2) D:10
 Vaults: D:13-14

Altars:
Ashenzari
Elyvilon
Fedhas
Hepliaklqana
Kikubaaqudgha
Okawaru
Qazlal
Uskayaw
Wu Jian
The Shining One
Beogh
Jiyva

Shops:
D:6 }


Innate Abilities, Weirdness & Mutations

You have claws for feet.
You are mostly covered in rugged brown scales. (AC +2, +5% HP)
You sometimes gain a little power by taking damage.
You are partially covered in sharp spines.
You have a beak for a mouth.
Your magical capacity is low. (-10% MP)
Armour fits poorly on your large pseudopods.
Your spells are a little easier to cast, but a little less powerful.


Message History

The komodo dragon barely misses you.
You hit the komodo dragon but do no damage.
You peck the komodo dragon, but do no damage.
You bludgeon the komodo dragon, but do no damage.
The komodo dragon is severely wounded.
You hit the komodo dragon but do no damage.
The komodo dragon is severely wounded.
The komodo dragon bites you.
* * * LOW HITPOINT WARNING * * *
You hit the komodo dragon but do no damage.
You claw the komodo dragon.
You peck the komodo dragon, but do no damage.
You bludgeon the komodo dragon, but do no damage.
The komodo dragon is severely wounded.
You block the komodo dragon's attack.
You hit the komodo dragon but do no damage.
You claw the komodo dragon, but do no damage.
The komodo dragon is severely wounded.
The komodo dragon bites you!!
You die...

#####....##.##.
...............
...............
............. ...........
.........##
#.......####### ......
...#.....##.....##.....###
#.....l@.....##.....#.#
#.....##.....##......+
+.....P#.....##.....#
#...r.##......#.....#
#............##.....#
#.....#P............##
#............##......+
......P####P.##......#
.......######.##.....##.


You could see a komodo dragon.

Vanquished Creatures
  The ghost of brandon the Thaumaturge, a novice DEFE (D:8)
  A wolf spider zombie (D:12)
  Maurice (D:11)
  Joseph (D:8)
  The ghost of Jaiteiro the Digger, a novice DrEE of Vehumet (D:5)
  A troll (D:12)
  3 blink frogs (Lair:1)
  2 hippogriffs
  Eustachio (D:4)
  A vampire (D:10)
  A wyvern (D:11)
  4 hungry ghosts
  Edmund (D:6)
  3 water moccasins (D:10)
  A porcupine (Lair:1)
  2 sky beasts
  12 orc warriors
  A phantom (D:6)
  5 ogres
  2 black bears
  An ice beast (D:10)
  A centaur (D:10)
  2 big kobolds (D:9)
  10 bullfrogs
  4 scorpions
  3 killer bees (D:11)
  2 howler monkeys
  An electric eel (D:13)
  A bullfrog zombie (D:5)
  A centaur zombie (D:12)
  4 crimson imps
  7 hounds
  2 centaur skeletons (D:4)
  9 orc priests
  12 orc wizards
  4 bullfrog skeletons
  A gnoll shaman (D:6)
  3 iguanas
  6 worker ants
  A hound zombie (D:3)
  A hound skeleton (D:9)
  9 adders
  8 gnolls
  2 shadow imps
  2 adder skeletons
  3 worms (D:2)
  3 dart slugs
  4 leopard geckos
  37 orcs
  6 giant cockroaches
  4 goblins
  6 hobgoblins (D:1)
  9 jackals
  37 kobolds
  4 quokkas
  6 bats
  3 frilled lizards
  A jackal zombie (D:6)
  A leopard gecko skeleton (D:4)
  A quokka skeleton (D:6)
  5 rats
272 creatures vanquished.

Vanquished Creatures (collateral kills)
  2 death yaks (D:9)
  A cyclops (D:11)
  A yak (D:9)
  An orc warrior (D:8)
  A hound (D:9)
  A gnoll (Bailey)
  A kobold (Bailey)
8 creatures vanquished.

Vanquished Creatures (others)
  A death yak (D:9)
  A troll (D:12)
  A hippogriff (D:11)
  A wyvern (D:12)
  A hungry ghost (D:12)
  A black bear (D:6)
  A phantom (D:7)
  An ice beast (D:3)
  3 centaurs
  A big kobold (D:8)
  A bullfrog (D:9)
  2 water moccasin skeletons
  21 jellies
  2 crimson imps
  An orc priest (D:3)
  A bullfrog skeleton (D:4)
  A hound (D:10)
  A bullfrog zombie (D:6)
  3 iguanas
  An orc wizard (D:10)
  A worker ant (D:8)
  4 adders
  A shadow imp (D:6)
  2 oozes
  2 dart slugs
  A leopard gecko (D:4)
  8 orcs
  2 bats
  A giant cockroach (D:4)
  2 goblins
  A hobgoblin (D:3)
  6 jackals
  2 ball pythons (D:3)
  2 frilled lizards
  3 rats (D:3)
84 creatures vanquished.

Grand Total: 364 creatures vanquished

Notes
Turn   | Place    | Note
-------+----------+-------------------------------------------
     0 | D:1      | dvd the Demonspawn Fighter began the quest for the Orb.
     0 | D:1      | Reached XP level 1. HP: 18/18 MP: 1/1
   346 | D:1      | Gained mutation: You are partially covered in rugged brown
                  | scales. (AC +1, +3% HP) [demonic ancestry]
   346 | D:1      | Reached XP level 2. HP: 18/24 MP: 2/2
   674 | D:1      | Reached skill level 2 in Axes
   772 | D:1      | Gained mutation: You are mostly covered in rugged brown
                  | scales. (AC +2, +5% HP) [demonic ancestry]
   772 | D:1      | Reached XP level 3. HP: 24/30 MP: 3/3
   968 | D:2      | Found a faded altar of an unknown god.
   983 | D:2      | Became a worshipper of Jiyva Johy the Shapeless
   983 | D:2      | Reached * piety under Jiyva
  1153 | D:2      | Gained mutation: You have sharp toenails. [demonic
                  | ancestry]
  1153 | D:2      | Reached XP level 4. HP: 38/38 MP: 4/4
  1556 | D:1      | Reached ** piety under Jiyva
  1653 | D:1      | Reached skill level 3 in Axes
  2032 | D:2      | Reached XP level 5. HP: 44/44 MP: 5/5
  2335 | D:3      | Reached skill level 1 in Dodging
  2375 | D:3      | Reached *** piety under Jiyva
  2615 | D:3      | Noticed an ice beast
  2619 | D:3      | Killed an ice beast
  2976 | D:4      | Gained mutation: You have razor-sharp toenails. [demonic
                  | ancestry]
  2976 | D:4      | Reached XP level 6. HP: 41/50 MP: 6/6
  3040 | D:4      | Noticed Eustachio
  3048 | D:4      | Gained mutation: You have claws for feet. [Jiyva's grace]
  3059 | D:4      | Killed Eustachio
  3059 | D:4      | Reached skill level 4 in Axes
  3653 | D:4      | Gained mutation: You sometimes gain a little power by
                  | taking damage. [demonic ancestry]
  3653 | D:4      | Reached XP level 7. HP: 53/56 MP: 7/7
  3744 | D:4      | Found an ancient bone altar of Kikubaaqudgha.
  3744 | D:4      | Found a glowing golden altar of the Shining One.
  3750 | D:4      | Found an iron altar of Okawaru.
  3752 | D:4      | Found a hazy altar of Hepliaklqana.
  3753 | D:4      | Found a stormy altar of Qazlal.
  3865 | D:4      | Found a staircase to the Ecumenical Temple.
  4159 | D:5      | Entered Level 5 of the Dungeon
  4182 | D:5      | Found a white marble altar of Elyvilon.
  4189 | D:5      | Reached skill level 5 in Axes
  4298 | D:5      | Reached **** piety under Jiyva
  4319 | D:5      | Found an ornate altar of the Wu Jian Council.
  4352 | D:5      | Found a runed door.
  4355 | D:5      | Noticed Jaiteiro's ghost (novice DrEE)
  4368 | D:5      | Killed Jaiteiro's ghost
  4368 | D:5      | Reached skill level 5 in Fighting
  4368 | D:5      | Reached skill level 1 in Stealth
  4368 | D:5      | Gained mutation: You are partially covered in sharp spines.
                  | [demonic ancestry]
  4368 | D:5      | Reached XP level 8. HP: 19/65 MP: 8/8
  4375 | D:5      | Gained mutation: Armour fits poorly on your pseudopods.
                  | [Jiyva's grace]
  4572 | D:5      | Reached ***** piety under Jiyva
  4847 | D:6      | Found a shattered altar of Ashenzari.
  4869 | D:6      | Reached skill level 6 in Axes
  4931 | D:6      | Noticed Edmund
  4940 | D:6      | Killed Edmund
  5137 | D:6      | Gained mutation: Your spells are a little easier to cast,
                  | but a little less powerful. [Jiyva's grace]
  5226 | D:6      | Found Vegulef's Gadget Emporium.
  5340 | D:6      | Reached skill level 5 in Shields
  5580 | D:7      | Reached skill level 5 in Armour
  5607 | D:7      | Lost mutation: Armour fits poorly on your pseudopods.
                  | [Jiyva's grace]
  5642 | D:7      | Reached skill level 7 in Axes
  5704 | D:7      | Reached ****** piety under Jiyva
  5890 | D:7      | Noticed a hippogriff
  5899 | D:7      | Killed a hippogriff
  5899 | D:7      | Mutation became permanent: You have razor-sharp toenails.
                  | [demonic ancestry]
  5899 | D:7      | Gained mutation: You have claws for feet. [demonic
                  | ancestry]
  5899 | D:7      | Reached XP level 9. HP: 54/71 MP: 9/9
  5973 | D:8      | Noticed Joseph
  5981 | D:8      | Lost mutation: Your spells are a little easier to cast, but
                  | a little less powerful. [Jiyva's grace]
  5993 | D:8      | Killed Joseph
  5993 | D:8      | Reached skill level 8 in Axes
  6069 | D:8      | Gained mutation: Your system is resistant to poisons.
                  | (rPois) [Jiyva's grace]
  6385 | D:8      | Noticed brandon's ghost (novice DEFE)
  6386 | D:8      | Found a runed gate.
  6386 | D:8      | Found a runed gate.
  6386 | D:8      | Found a runed gate.
  6407 | D:8      | Found a roughly hewn altar of Beogh.
  6776 | D:8      | Killed brandon's ghost
  6776 | D:8      | Reached skill level 9 in Axes
  6828 | D:8      | Lost mutation: Your system is resistant to poisons. (rPois)
                  | [Jiyva's grace]
  6901 | D:9      | Noticed a death yak
  6901 | D:9      | Noticed a death yak
  6905 | D:9      | Slimified a death yak
  6905 | D:9      | Noticed an azure jelly
  6905 | D:9      | a death yak changed into an azure jelly
  6906 | D:9      | Noticed a death yak
  6911 | D:9      | Killed a death yak
  6911 | D:9      | Reached XP level 10. HP: 60/80 MP: 6/10
  6913 | D:9      | Noticed a death yak
  6914 | D:9      | Killed a death yak
  6916 | D:9      | Noticed a death yak
  6924 | D:9      | Slimified a death yak
  6924 | D:9      | Noticed an azure jelly
  6924 | D:9      | a death yak changed into an azure jelly
  6925 | D:9      | Killed a death yak
  6930 | D:9      | Found a staircase to the Lair.
  6988 | D:9      | Noticed a hand axe
  6988 | D:9      | Noticed a hand axe
  6989 | D:9      | Found a hide-covered altar of Uskayaw.
  6990 | D:9      | Noticed Erolcha
  6996 | D:9      | Slimified Erolcha
  6996 | D:9      | Noticed Erolcha
  6996 | D:9      | Erolcha changed into Erolcha the slime creature
  7397 | D:9      | Gained mutation: You have a small jelly attached to you
                  | that may absorb incoming projectiles. [Jiyva's grace]
  7478 | D:9      | Found a blossoming altar of Fedhas.
  7535 | D:10     | Entered Level 10 of the Dungeon
  7684 | D:10     | Reached skill level 10 in Axes
  7940 | D:10     | Gained mutation: Armour fits poorly on your pseudopods.
                  | [Jiyva's grace]
  7993 | D:10     | Found a staircase to the Orcish Mines.
  8164 | D:10     | Gained mutation: Armour fits poorly on your large
                  | pseudopods. [Jiyva's grace]
  8417 | D:11     | Noticed a cyclops
  8423 | D:11     | Killed a cyclops
  8545 | D:11     | Noticed a cyan ugly thing
  8546 | D:11     | Noticed Maurice
  8549 | D:11     | Slimified a cyan ugly thing
  8549 | D:11     | Noticed an acid blob
  8549 | D:11     | a cyan ugly thing changed into an acid blob
  8550 | D:11     | Found a flagged portal.
  8556 | D:11     | Gained mutation: Your magical capacity is low. (-10% MP)
                  | [Jiyva's grace]
  8568 | D:11     | Reached skill level 1 in Polearms
  8585 | D:11     | Killed Maurice
  8594 | Bailey   | Entered a bailey
  8775 | Bailey   | Got a dazzling morningstar {speed}
  8795 | Bailey   | Reached XP level 11. HP: 58/88 MP: 9/9
  9263 | D:12     | Identified the +7 morningstar of Destiny {speed, *Noise
                  | Str+4 Dex+7} (You took it off an orc warrior in a bailey)
  9277 | D:12     | Noticed a two-headed ogre
  9300 | D:12     | Slimified a two-headed ogre
  9300 | D:12     | Noticed an azure jelly
  9300 | D:12     | a two-headed ogre changed into an azure jelly
  9348 | D:12     | Noticed an eight-headed hydra
  9352 | D:12     | Slimified an eight-headed hydra
  9352 | D:12     | Noticed an azure jelly
  9352 | D:12     | an eight-headed hydra changed into an azure jelly
  9512 | D:12     | Gained mutation: Your spells are a little easier to cast,
                  | but a little less powerful. [Jiyva's grace]
  9720 | D:12     | Lost mutation: You have a small jelly attached to you that
                  | may absorb incoming projectiles. [Jiyva's grace]
  9734 | D:12     | Reached skill level 5 in Dodging
 10275 | D:13     | Noticed a tengu warrior
 10293 | D:13     | Slimified a tengu warrior
 10293 | D:13     | a tengu warrior changed into a slime creature
 10475 | D:12     | Gained mutation: You have a beak for a mouth. [Jiyva's
                  | grace]
 10550 | Lair:1   | Entered Level 1 of the Lair of Beasts
 10789 | Lair:1   | Slain by a komodo dragon

Skill      XL: |  1  2  3  4  5  6  7  8  9 10 11 |
---------------+----------------------------------+-----
Axes           | 2 3 4 5 7 9 10 | 10.3
Shields        | 3 4 5 7 |  7.6
Armour         | 3 4 5 6 |  6.3
Dodging        | 1 2 3 4 5 |  5.4
Fighting       | 4 5 6 7 |  7.4
Stealth        | 1 2 |  2.4
Polearms       | 1 3 |  3.3

Action                   |  1- 3 |  4- 6 |  7- 9 | 10-12 || total
-------------------------+-------+-------+-------+-------++-------
Melee: War axe           |    87 |   143 |   235 |   109 ||   574
       Kick              |       |    46 |    91 |   153 ||   290
       Pseudopods        |       |       |    11 |    70 ||    81
       Spear             |       |       |       |   302 ||   302
       Peck              |       |       |       |    10 ||    10
Invok: Request Jelly     |       |     1 |     1 |     1 ||     3
       Slimify           |       |       |     3 |    10 ||    13
Evoke: Wand              |       |       |       |     3 ||     3
  Use: Scroll            |       |     5 |     6 |     2 ||    13
       Potion            |       |       |     1 |     4 ||     5
 Stab: Distracted        |       |       |     1 |       ||     1
       Sleeping          |       |       |       |     2 ||     2
  Eat: Chunk             |     1 |     3 |     2 |       ||     6
Armor: Scale mail        |    45 |   125 |    31 |       ||   201
       Plate armour      |       |       |    38 |       ||    38
       Leather armour    |       |       |     6 |       ||     6
       Ring mail         |       |       |     8 |    95 ||   103
       Skin              |       |       |     1 |       ||     1
Dodge: Dodged            |    29 |    87 |    70 |   114 ||   300
Block: Shield            |    43 |   108 |   131 |   263 ||   545
